 Dungeon Crawl Stone Soup version 0.22.0-49-gab54619 (webtiles) character file.

723 ChamehoeC the Twirler (level 7, -8/99 HPs)
             Began as a Naga Berserker on Sept 8, 2018.
             Was a Believer of Trog.
             Shot with an arrow by a centaur (15 damage)
             ... on level 5 of the Dungeon.
             The game lasted 00:27:03 (4051 turns).

ChamehoeC the Twirler (Naga Berserker)              Turns: 4051, Time: 00:27:04

Health: -8/99      AC:  6    Str: 27    XL:     7   Next: 71%
Magic:  16/16      EV: 10    Int:  7    God:    Trog [**....]
Gold:   227        SH:  0    Dex: 10    Spells: 6/6 levels left

rFire    . . .     SeeInvis +   w - +3 quarterstaff (chaos)
rCold    . . .     Gourm    .   (shield currently unavailable)
rNeg     . . .     Faith    .   b - +0 animal skin
rPois    +         Spirit   .   (no helmet)
rElec    .         Reflect  .   x - +0 cloak {MR+}
rCorr    .         Harm     .   (no gloves)
MR       +....                  (no barding)
Stlth    ..........             (no amulet)
HPRegen  0.26/turn              d - +2 ring of protection
MPRegen  0.15/turn              s - ring of magical power

@: berserking, starving, quick
A: large, see invisible, deformed body, poison resistance, slowness 2, slow
metabolism 1, spit poison 1, AC +2
a: Spit Poison, Berserk, Trog's Hand, Renounce Religion


You were on level 5 of the Dungeon.
You worshipped Trog.
Trog was pleased with you.
You were starving.

You visited 1 branch of the dungeon, and saw 5 of its levels.

You collected 227 gold pieces.

Inventory:

Hand Weapons
 a - a +0 mace
 e - a +0 short sword
 v - a +2 mace of protection
 w - a +3 quarterstaff of chaos (weapon)
 C - a +3 long sword
 D - a +2 short sword
Missiles
 l - 87 stones
 m - 7 tomahawks (quivered)
Armour
 b - a +0 animal skin (worn)
 i - a +0 leather armour
 n - a +0 ring mail
 x - a +0 cloak of magic resistance (worn)
 B - a +2 buckler
Jewellery
 d - a +2 ring of protection (left hand)
 s - a ring of magical power (right hand)
Scrolls
 g - 4 scrolls of remove curse
 h - a scroll of enchant armour {unknown}
 k - 3 scrolls of teleportation
 p - 2 scrolls of random uselessness {unknown}
 q - a scroll of immolation {unknown}
 r - a scroll of amnesia {unknown}
 y - a scroll of blinking {unknown}
 z - 2 scrolls of identify {unknown}
 A - 3 scrolls of magic mapping {unknown}
Potions
 f - a potion of might {unknown}
 j - a potion of haste
 o - 3 potions of heal wounds {unknown}
 t - a potion of lignification {unknown}
 u - a potion of berserk rage {unknown}
 E - a potion of flight {unknown}
 F - a potion of agility {unknown}
Comestibles
 c - 9 rations


   Skills:
 + Level 4.3 Fighting
 + Level 1.8 Short Blades
 + Level 3.6(4.9) Maces & Flails
 + Level 4.9(5.5) Staves
 + Level 0.8 Throwing
 + Level 1.7 Armour
 + Level 3.1 Dodging
 + Level 4.1 Stealth


You had 6 spell levels left.
You didn't know any spells.
Your spell library was empty.

Dungeon Overview and Level Annotations

Branches:
Dungeon (5/15)
 Temple: D:4-7

Altars:
Dithmenos
Zin

Annotations:
D:1 no more items


Innate Abilities, Weirdness & Mutations

You cannot wear boots.
Your serpentine skin is tough. (AC +2)
You have supernaturally acute eyesight. (SInv)
Armour fits poorly on your strangely shaped body.
Your system is resistant to poisons. (rPois)
You cover ground very slowly.
You have a slow metabolism.
You can spit poison.


Message History

The gnoll shouts! x2
You see here 4 arrows.
You hear a shout!
A gnoll comes into view.
The centaur shoots an arrow.
The arrow hits you!
The gnoll moves out of view.
You hear a shout!
You see here an arrow.
The centaur shoots an arrow.
The arrow hits you!
* * * LOW HITPOINT WARNING * * *
The centaur shoots an arrow.
The arrow hits you.
* * * LOW HITPOINT WARNING * * *
You hit the giant cockroach. You freeze the giant cockroach.
The giant cockroach is severely wounded.
The giant cockroach bites you.
* * * LOW HITPOINT WARNING * * *
A red film seems to cover your vision as you go berserk!
You feel yourself moving faster!
You feel mighty!
You are starving!
The centaur shoots an arrow.
The arrow hits you!
You die...

#.......# #####.
#.......# #.
#.......# #<
##.......# ##
#........#
#.###.#.....##.
#.....#........
#.#.#####.##.....##
.........c(@s>...#
.....###g###....##
... a..# ....# .
...... #####
gg.###### .. .


You could see a centaur, a gnoll and a giant cockroach.

Vanquished Creatures
  An ice beast (D:5)
  A phantom (D:4)
  An ogre (D:5)
  A scorpion (D:4)
  5 wights (D:4)
  Crazy Yiuf (D:2)
  A centaur skeleton (D:5)
  A hound (D:4)
  Robin (D:2)
  An adder (D:4)
  2 oozes
  3 worms
  A dart slug (D:2)
  A leopard gecko (D:5)
  3 orcs (D:2)
  4 giant cockroaches
  14 goblins
  8 hobgoblins
  5 jackals
  5 kobolds
  3 quokkas
  7 bats
  6 rats
76 creatures vanquished.

Notes
Turn   | Place    | Note
-------+----------+-------------------------------------------
     0 | D:1      | ChamehoeC the Naga Berserker began the quest for the Orb.
     0 | D:1      | Reached XP level 1. HP: 21/21 MP: 1/1
   103 | D:1      | Reached XP level 2. HP: 22/28 MP: 2/2
   479 | D:1      | Reached XP level 3. HP: 33/34 MP: 3/3
   979 | D:2      | Noticed Robin
  1737 | D:2      | Reached ** piety under Trog
  1800 | D:2      | Killed Robin
  1800 | D:2      | Reached skill level 1 in Short Blades
  1800 | D:2      | Reached XP level 4. HP: 40/42 MP: 4/4
  1872 | D:2      | Found a runed door.
  1878 | D:2      | Noticed Crazy Yiuf
  1887 | D:2      | Killed Crazy Yiuf
  1887 | D:2      | Reached skill level 1 in Stealth
  2572 | D:3      | Reached XP level 5. HP: 33/49 MP: 5/5
  2902 | D:3      | Found a shadowy altar of Dithmenos.
  3259 | D:4      | Reached skill level 1 in Staves
  3287 | D:4      | Noticed a phantom
  3318 | D:4      | Killed a phantom
  3318 | D:4      | Reached XP level 6. HP: 34/57 MP: 6/6
  3666 | D:4      | Found a glowing silver altar of Zin.
  3709 | D:4      | Reached XP level 7. HP: 62/64 MP: 7/7
  3957 | D:5      | Entered Level 5 of the Dungeon
  4051 | D:5      | Shot with an arrow by a centaur

Skill      XL: |  1  2  3  4  5  6  7 |
---------------+----------------------+-----
Dodging        | 2 3 |  3.1
Short Blades   | 1 |  1.8
Stealth        | 1 2 4 |  4.1
Staves         | 3 4 |  4.9
Fighting       | 4 |  4.3
Maces & Flails | |  3.6
Throwing       | |  0.8
Armour         | |  1.7

Action                   |  1- 3 |  4- 6 |  7- 9 || total
-------------------------+-------+-------+-------++-------
Melee: Mace              |    25 |     5 |       ||    30
       Short sword       |   112 |     5 |       ||   117
       Quarterstaff      |       |    74 |    30 ||   104
Throw: Tomahawk          |    11 |     2 |       ||    13
Invok: Berserk           |       |       |     1 ||     1
 Abil: Spit Poison       |     1 |     1 |       ||     2
  Use: Scroll            |       |     2 |     1 ||     3
 Stab: Sleeping          |       |     2 |     1 ||     3
       Petrified         |       |       |     5 ||     5
  Eat: Chunk             |     2 |     2 |       ||     4
       Ration            |       |     1 |       ||     1
Armor: Animal skin       |    48 |    32 |     4 ||    84
Dodge: Dodged            |   113 |    44 |    13 ||   170
